Map: 프리온 단구

Players

Solar - Winner!

  • Race: Zerg Zerg
  • League: Platinum

PartinG

  • Race: Protoss Protoss
  • League: Platinum

Event: DreamHack ROCCAT LotV Championship

VOD

Have the link to the VOD?

Description

Time

  • Played on: Nov. 27, 2015, 11:44 a.m.
  • Length: 8:54

All games in this series

Show
View Real Time Build Order
Export as new Build Order

Solar Zerg - Winner!

Build Orders: Hatch First 

Get SALT Encoding   

  12  0:00  Drone  
  13  0:12  Overlord  
  13  0:17  Drone  
  14  0:31  Drone x2  
  14  0:34  Drone  
  17  0:53  Hatchery  
  17  0:56  Drone  
  17  0:59  Drone  
  18  1:12  Spawning Pool  
  18  1:15  Extractor  
  18  1:18  Drone  
  17  1:21  Drone  
  18  1:28  Drone  
  19  1:44  Hatchery  
  18  1:49  Drone  
  19  2:00  Zergling x2  
  20  2:05  Queen  
  22  2:12  Queen  
  25  2:15  Drone  
  25  2:19  Drone  
  26  2:23  Overlord  
  26  2:35  Drone x2  
  28  2:39  Metabolic Boost  
  28  2:44  Drone x3  
  28  2:45  Drone  
  28  2:51  Overlord  
  32  2:54  Queen  
  32  2:57  Drone  
  35  3:03  Drone  
  35  3:04  Drone  
  37  3:07  Queen  
  37  3:09  Drone  
  37  3:12  Drone  
  41  3:16  Drone  
  41  3:18  Drone  
  41  3:19  Overlord  
  43  3:23  Zergling x6  
  43  3:25  Zergling x2  
  43  3:26  Zergling x2  
  48  3:27  Extractor  
  48  3:28  Zergling x2  
  48  3:30  Zergling x2  
  48  3:32  Zergling x2  
  49  3:34  Zergling x2  
  49  3:39  Overlord  
  50  3:41  Zergling x2  
  50  3:42  Zergling x2  
  50  3:47  Zergling x2  
  50  3:48  Zergling x2  
  53  3:51  Zergling x6  
  54  3:57  Zergling x4  
  54  4:01  Zergling x2  
  52  4:04  Zergling x2  
  52  4:05  Zergling x6  
  52  4:07  Zergling x2  
  51  4:14  Drone  
  51  4:15  Drone  
  51  4:17  Zergling x2  
  51  4:18  Drone x3  
  51  4:21  Lair  
  50  4:25  Drone  
  50  4:28  Overlord, Extractor  
  50  4:29  Drone  
  51  4:34  Drone  
  51  4:36  Extractor  
  51  4:37  Roach Warren, Drone  
  50  4:39  Drone  
  50  4:45  Drone  
  52  4:49  Drone x2  
  52  4:51  Drone  
  52  4:52  Drone  
  56  4:53  Drone  
  56  4:56  Drone  
  56  4:57  Drone x3  
  61  5:02  Drone x4, Extractor x2  
  61  5:03  Overlord  
  63  5:08  Overlord  
  63  5:11  Overlord  
  63  5:12  Overlord  
  63  5:20  Overseer  
  63  5:21  Overlord  
  63  5:23  Glial Reconstitution  
  63  5:32  Drone x4  
  63  5:33  Drone  
  63  5:34  Roach x4  
  63  5:35  Roach x3  
  82  5:38  Extractor  
  81  5:47  Spire  
  81  5:48  Zergling x6  
  83  5:52  Evolution Chamber  
  83  5:54  Zergling x2  
  83  5:57  Drone  
  83  5:58  Drone  
  85  6:05  Zergling x16  
  85  6:07  Hatchery, Overlord  
  85  6:09  Drone  
  93  6:17  Zergling x2  
  95  6:18  Zergling x2  
  92  6:26  Zergling x8  
  92  6:30  Zergling x6  
  92  6:32  Overlord  
  93  6:34  Drone  
  93  6:35  Drone x3  
  93  6:36  Drone  
  96  6:42  Overlord  
  96  6:43  Zerg Melee Weapons Level 1  
  96  6:45  Drone x2  
  86  6:52  Overlord  
  84  7:00  Mutalisk x2  
  80  7:05  Mutalisk x2  
  80  7:06  Mutalisk  
  80  7:07  Mutalisk x3  
  92  7:12  Mutalisk  
  92  7:14  Mutalisk x2  
  98  7:18  Zergling x10  
  103  7:25  Mutalisk  
  103  7:27  Drone x2  
  107  7:33  Mutalisk x2  
  107  7:35  Zergling x2  
  107  7:36  Overlord  
  112  7:37  Drone  
  112  7:38  Drone x2  
  112  7:42  Mutalisk  
  117  7:46  Zergling x2  
  117  7:47  Zergling x14  
  119  7:58  Mutalisk x3  
  119  8:00  Zergling x2  
  123  8:09  Mutalisk  
  123  8:11  Drone x2  
  123  8:12  Drone x2, Extractor  
  128  8:13  Extractor  
  128  8:15  Zergling x2  
  128  8:16  Zergling x22  
  135  8:21  Mutalisk x2  
  130  8:27  Mutalisk  
  131  8:36  Zergling x6  
  131  8:37  Zergling x2  
Show
View Real Time Build Order
Export as new Build Order

PartinG Protoss 

Build Orders: Nexus First 

Get SALT Encoding   

  12  0:00  Probe (Chrono Boost)  
  13  0:11  Probe (Chrono Boost)  
  14  0:16  Pylon  
  14  0:22  Probe (Chrono Boost)  
  15  0:35  Probe (Chrono Boost)  
  16  0:45  Probe (Chrono Boost)  
  17  0:58  Probe (Chrono Boost)  
  18  1:04  Nexus  
  18  1:12  Gateway  
  18  1:20  Probe (Chrono Boost), Assimilator  
  19  1:26  Assimilator  
  19  1:31  Probe (Chrono Boost)  
  20  1:40  Gateway  
  20  1:43  Probe (Chrono Boost)  
  21  1:53  Probe (Chrono Boost)  
  22  2:00  Cybernetics Core  
  22  2:04  Probe (Chrono Boost)  
  23  2:16  Probe x2 (Chrono Boost)  
  25  2:26  Probe (Chrono Boost)  
  25  2:27  Probe (Chrono Boost)  
  27  2:36  Adept x2 (Chrono Boost)  
  31  2:38  Warp Gate  
  31  2:39  Probe  
  31  2:40  Mothership Core  
  34  2:49  Pylon  
  34  3:00  Adept (Chrono Boost)  
  34  3:01  Adept (Chrono Boost)  
  38  3:07  Probe x2  
  40  3:17  Robotics Facility  
  40  3:24  Pylon  
  40  3:26  Pylon  
  40  3:27  Pylon  
  40  3:29  Probe  
  41  3:36  Probe, Adept (Chrono Boost)  
  41  3:40  Adept (Chrono Boost)  
  46  3:51  Probe x2  
  48  3:57  Forge  
  46  4:06  Probe x2  
  46  4:20  Probe (Chrono Boost), Robotics Bay  
  46  4:23  Pylon  
  44  4:27  Mothership Core (Chrono Boost)  
  41  4:32  Probe (Chrono Boost)  
  41  4:36  Pylon  
  40  4:38  Warp Prism, Photon Cannon  
  40  4:41  Assimilator  
  40  4:42  Sentry x2, Probe (Chrono Boost)  
  47  4:46  Probe (Chrono Boost), Assimilator  
  48  4:54  Probe (Chrono Boost)  
  48  4:56  Probe (Chrono Boost), Pylon  
  50  5:10  Probe x2 (Chrono Boost)  
  50  5:11  Disruptor (Chrono Boost)  
  52  5:20  Probe  
  56  5:22  Probe  
  56  5:26  Gravitic Drive (Chrono Boost)  
  56  5:27  Gateway  
  57  5:28  Gateway  
  57  5:32  Probe  
  57  5:34  Probe  
  59  5:35  Pylon  
  59  5:41  Adept  
  61  5:46  Pylon  
  61  5:47  Nexus  
  61  5:48  Disruptor  
  61  5:49  Pylon  
  61  5:55  Pylon  
  64  5:57  Adept  
  64  6:00  Probe x2  
  68  6:09  Twilight Council  
  68  6:11  Pylon  
  68  6:14  Photon Cannon  
  68  6:22  Probe x2  
  68  6:25  Disruptor  
  73  6:32  Stalker x2  
  73  6:37  Probe x2  
  78  6:49  Pylon  
  78  6:51  Pylon, Blink (Chrono Boost)  
  78  7:03  Pylon  
  78  7:05  Pylon  
  78  7:09  Probe  
  79  7:16  Nexus  
  79  7:18  Probe, Pylon  
  79  7:19  Pylon  
  79  7:21  Probe, Pylon  
  81  7:25  Stalker x4  
  81  7:26  Disruptor (Chrono Boost)  
  92  7:35  Probe x2  
  94  7:37  Photon Cannon  
  94  7:42  Photon Cannon  
  94  7:48  Photon Cannon  
  94  7:51  Photon Cannon  
  92  8:02  Stalker x3  
  96  8:06  Stalker  
  96  8:12  Photon Cannon  
  98  8:15  Mothership Core, Photon Cannon  
  83  8:32  Stalker x3  
  73  8:37  Stalker  

Tags
 
Add a new tag
Caveats
  • Supply blocks, unpowered buildings, or Contaminate may cause inaccurate times.
  • Supply counts are checked every 10 seconds.